 Dungeon Crawl Stone Soup version 0.19.5 (webtiles) character file.

8693 Patchouli the Thaumaturge (level 11, -5/54 HPs)
             Began as a Spriggan Conjurer on Mar 12, 2017.
             Was a Priest of Kikubaaqudgha.
             Slain by a porcupine (15 damage)
             ... on level 6 of the Lair of Beasts on Mar 16, 2017.
             The game lasted 01:24:09 (7645 turns).

Patchouli the Thaumaturge (Spriggan Conjurer)       Turns: 7645, Time: 01:24:09

Health: -5/54      AC:  3    Str:  6    XL:     11   Next: 13%
Magic:  23/35      EV: 25    Int: 17    God:    Kikubaaqudgha [***...]
Gold:   675        SH:  0    Dex: 18    Spells: 10 memorised, 2 levels left

rFire  + . .     SeeInvis +     a - +8 rapier of the Dwarven Hall {pierce, +Blink}
rCold  . . .     Gourm    .     E - +0 robe {rF+}
rNeg   . . .     Faith    .     (shield restricted)
rPois  .         Spirit   .     (helmet restricted)
rElec  .         Reflect  .     D - +0 cloak
rCorr  +         Harm     .     (gloves unavailable)
MR     +....                    (boots unavailable)
Stlth  +++.......               (no amulet)
                                A - ring of magical power
                                p - ring of resist corrosion

@: very quick
A: unfitting armour, see invisible, herbivore 3, speed 3, slow metabolism 2
a: Receive Corpses, Renounce Religion, Evoke Blink


You were on level 6 of the Lair of Beasts.
You worshipped Kikubaaqudgha.
Kikubaaqudgha was most pleased with you.
You were full.

You visited 3 branches of the dungeon, and saw 17 of its levels.
You also visited: Ossuary.

You collected 675 gold pieces.

Inventory:

Hand Weapons
 a - the +8 rapier of the Dwarven Hall (weapon) {pierce, +Blink}
   (You found it on level 7 of the Dungeon)

   It inflicts extra damage upon your enemies.
   It lets you blink.
 b - a +3 dagger of draining
 f - the +5 hand axe "Rolezoz" {chop, +Inv rC++ Str-3, unknown}
   (You found it on level 2 of the Lair of Beasts)

   It inflicts extra damage upon your enemies.
   It affects your strength (-3).
   It greatly protects you from cold.
   It lets you turn invisible.
 y - a +1 falchion of protection
Armour
 g - a +0 robe
 D - a +0 cloak (worn)
 E - a +0 robe of fire resistance (worn)
Jewellery
 d - an uncursed amulet of guardian spirit
 p - a ring of resist corrosion (left hand)
 A - a ring of magical power (right hand)
 M - an uncursed amulet of rage {unknown}
Wands
 C - a wand of teleportation (5/9)
 G - a wand of digging (3/24)
 H - a wand of iceblast (14/15)
 J - a wand of polymorph (18/24)
 L - a wand of disintegration (12/24)
 O - a wand of disintegration (4/24)
Scrolls
 e - a scroll of teleportation
 h - 5 scrolls of blinking
 i - 6 scrolls of remove curse
 j - 15 scrolls of identify
 t - a scroll of enchant weapon
 z - 2 scrolls of fog
Potions
 k - a potion of brilliance
 l - 2 potions of degeneration
 m - a potion of curing
 o - 2 potions of haste
 q - a potion of agility
 s - a potion of berserk rage
 B - a potion of flight
 I - a potion of mutation
 K - a potion of heal wounds
Books
 n - a book of Conjurations

   Spells                             Type                      Level
   a - Magic Dart                     Conjuration                  1
   b - Searing Ray                    Conjuration                  2
   c - Dazzling Spray                 Conjuration/Hexes            3
   d - Fulminant Prism                Conjuration/Hexes            4
   e - Iskenderun's Mystic Blast      Conjuration                  4
   f - Iskenderun's Battlesphere      Conjuration/Charms           5
 r - a book of Minor Magic

   Spells                             Type                      Level
   a - Magic Dart                     Conjuration                  1
   b - Blink                          Translocation                2
   c - Call Imp                       Summoning                    2
   d - Repel Missiles                 Charms/Air                   2
   e - Slow                           Hexes                        2
   f - Conjure Flame                  Conjuration/Fire             3
   g - Mephitic Cloud                 Conjuration/Poison/Air       3
 u - Kikubaaqudgha's Compendium of Dark Rituals
   (Kikubaaqudgha gifted it to you on level 10 of the Dungeon)

   Spells                             Type                      Level
   a - Animate Skeleton               Necromancy                   1
   b - Corpse Rot                     Necromancy                   2
   c - Sublimation of Blood           Necromancy                   2
   d - Vampiric Draining              Necromancy                   3
   e - Control Undead                 Necromancy                   4
 v - a book of Flames

   Spells                             Type                      Level
   a - Flame Tongue                   Conjuration/Fire             1
   b - Throw Flame                    Conjuration/Fire             2
   c - Conjure Flame                  Conjuration/Fire             3
   d - Inner Flame                    Hexes/Fire                   3
   e - Sticky Flame                   Conjuration/Fire             4
   f - Fireball                       Conjuration/Fire             5
 x - a book of Frost

   Spells                             Type                      Level
   a - Freeze                         Ice                          1
   b - Throw Frost                    Conjuration/Ice              2
   c - Ozocubu's Armour               Charms/Ice                   3
   d - Throw Icicle                   Conjuration/Ice              4
   e - Summon Ice Beast               Ice/Summoning                4
 F - a book of Clouds

   Spells                             Type                      Level
   a - Mephitic Cloud                 Conjuration/Poison/Air       3
   b - Conjure Flame                  Conjuration/Fire             3
   c - Poisonous Cloud                Conjuration/Poison/Air       6
   d - Freezing Cloud                 Conjuration/Ice/Air          6
   e - Ring of Flames                 Charms/Fire                  7
 N - Kikubaaqudgha's Tome of Sinister Magic
   (Kikubaaqudgha gifted it to you on level 5 of the Lair of Beasts)

   Spells                             Type                      Level
   a - Animate Dead                   Necromancy                   4
   b - Excruciating Wounds            Charms/Necromancy            5
   c - Bolt of Draining               Conjuration/Necromancy       5
   d - Dispel Undead                  Necromancy                   5
   e - Simulacrum                     Ice/Necromancy               6
Miscellaneous
 w - a lamp of fire
Comestibles
 c - 4 bread rations


   Skills:
 - Level 4.5 Fighting
 - Level 6.4 Short Blades
 - Level 9.0 Dodging
 - Level 6.1 Stealth
 - Level 10.2 Spellcasting
 * Level 6.0 Conjurations
 + Level 4.5 Hexes
 + Level 5.6 Charms
 * Level 4.3 Necromancy
 - Level 5.0 Evocations


You had 2 spell levels left.
You knew the following spells:

 Your Spells              Type           Power        Failure   Level  Hunger
a - Magic Dart            Conj           ####         1%          1    None
b - Sublimation of Blood  Necr           ###.......   2%          2    None
c - Blink                 Tloc           N/A          14%         2    None
d - Dazzling Spray        Conj/Hex       ####..       3%          3    None
e - Dispel Undead         Necr           ###.....     45%         5    #####..
i - Iskenderun's Mystic   Conj           ####....     10%         4    ###....
k - Animate Skeleton      Necr           N/A          1%          1    None
p - Iskenderun's Battles  Conj/Chrm      ####....     24%         5    #####..
s - Searing Ray           Conj           ####..       1%          2    None
v - Vampiric Draining     Necr           ###.......   6%          3    None


Dungeon Overview and Level Annotations

Branches:
Dungeon (10/15)            Temple (1/1) D:6            Lair (6/6) D:8
  Swamp (0/4) Lair:2        Snake (0/4) Lair:4
  Slime: Lair:5-6       Orc: D:9-12

Altars:
Ashenzari
Elyvilon
Fedhas
Gozag
Kikubaaqudgha
Makhleb
Nemelex Xobeh
Okawaru
Qazlal
Ru
Sif Muna
Uskayaw
Xom
Zin
The Shining One

Shops:
D:9 ?

Portals:
Ice
Cave: Lair:6

Annotations:
D:5 Sneal's ghost, amateur MiFi
D:7 Joseph
Lair:3 Urug
Lair:4 Jerry's ghost, journeyman HOFi; Snorg
Lair:6 exclusion: oklob plant


Innate Abilities, Weirdness & Mutations

You are very small and have problems with some larger weapons.
You are too small for most types of armour.
You have supernaturally acute eyesight. (SInv)
You are a herbivore.
You cover ground extremely quickly.
You need consume almost no food.


Message History

Casting: Dazzling Spray
Confirm with . or Enter, or press ? or * to list all spells.
Aiming: Dazzling Spray
Press: ? - help, Shift-Dir - straight line, f - wolf
Aim: a wolf The spray of energy misses the wolf.
Casting: Dazzling Spray
Confirm with . or Enter, or press ? or * to list all spells.
Aiming: Dazzling Spray
Press: ? - help, Shift-Dir - straight line, f/p - wolf
Aim: a wolf The spray of energy hits the wolf.
The wolf is moderately wounded.
The spray of energy hits the fungus.
The fungus is moderately damaged.
The spray of energy misses the porcupine.
You blink.
You feel slightly less full. The wolf misses you. The porcupine bites you!
You die...
Kikubaaqudgha rasps: "You have failed me!
Welcome... death!"

#.#.## #... ..#. ###.
...## #. #...# #.
##..# #. ##.ยง## ##.
#..$.# #.. ##P.h##
#.. ##r@.# #..
#...[### #P. ##.....#
###. #......## #...
##....#..## ####...
#.....F.#.## #......
##.........## ##.....
##..........####..h..
#P........####.#.....


You could see a spiny frog, a wolf and a porcupine.

Vanquished Creatures
  2 black mambas (Lair:4)
  4 spiny frogs
  3 komodo dragons
  A polar bear (Lair:5)
  3 hippogriffs
  A blink frog (Lair:5)
  5 yaks
  10 water moccasins
  5 porcupines
  A sky beast (D:7)
  An orc warrior (D:8)
  A black bear (D:8)
  An ogre (D:9)
  3 wolves
  4 crocodiles
  2 bullfrogs
  A howler monkey (D:6)
  7 wights (D:9)
  2 crimson imps
  A bullfrog zombie (D:6)
  A hound (D:6)
  3 jellies
  Crazy Yiuf (D:7)
  2 worker ants
  2 iguanas
  3 orc wizards
  A hound zombie (D:8)
  A mummy (Ossuary)
  2 gnolls (D:2)
  6 adders
  A howler monkey skeleton (D:4)
  3 river rats (D:8)
  A white imp (Lair:6)
  An ooze (D:5)
  An adder zombie (D:7)
  2 adder skeletons
  2 worms (D:3)
  2 dart slugs
  2 leopard geckos
  10 orcs
  5 giant cockroaches
  2 gnoll zombies
  4 goblins
  A hobgoblin (D:1)
  12 jackals
  2 kobolds (D:1)
  A quokka (D:3)
  13 bats
  3 frilled lizards (D:1)
  3 hobgoblin zombies
  3 kobold zombies (Ossuary)
  An orc zombie (Ossuary)
  9 rats
164 creatures vanquished.

Vanquished Creatures (collateral kills)
  2 spiny frogs
  A hippogriff (Lair:5)
  A yak (Lair:1)
  7 water moccasins
  A crocodile (Lair:4)
  A bullfrog (Lair:5)
  An adder (Lair:4)
  10 white imps (Lair:6)
  A rat (D:8)
  A plant (Lair:5)
26 creatures vanquished.

Vanquished Creatures (others)
  10 fungi
  4 plants
14 creatures vanquished.

Grand Total: 204 creatures vanquished

Notes
Turn   | Place    | Note
-------+----------+-------------------------------------------
     0 | D:1      | Patchouli the Spriggan Conjurer began the quest for the Orb.
     0 | D:1      | Reached XP level 1. HP: 9/9 MP: 5/5
   314 | D:1      | Reached skill level 3 in Spellcasting
   314 | D:1      | Reached XP level 2. HP: 13/13 MP: 0/7
   797 | D:2      | Reached XP level 3. HP: 17/17 MP: 2/8
   814 | D:2      | Reached skill level 1 in Short Blades
   961 | D:2      | Learned a level 2 spell: Searing Ray
  1020 | D:2      | Found a burning altar of Makhleb.
  1023 | D:2      | Found a sparkling altar of Nemelex Xobeh.
  1026 | D:2      | Found a hide-covered altar of Uskayaw.
  1036 | D:2      | Found a blossoming altar of Fedhas.
  1250 | D:3      | Reached XP level 4. HP: 15/21 MP: 2/10
  1329 | D:3      | Found an iron altar of Okawaru.
  1397 | D:2      | Reached skill level 1 in Fighting
  1685 | D:5      | Entered Level 5 of the Dungeon
  1685 | D:5      | Noticed Sneal's ghost (amateur MiFi)
  1781 | D:4      | You fall through a shaft!
  1795 | D:5      | Found a sand-covered staircase.
  1865 | Ossuary  | Entered an ossuary
  1871 | Ossuary  | Learned a level 4 spell: Iskenderun's Mystic Blast
  2523 | D:7      | Reached XP level 5. HP: 19/25 MP: 5/11
  2600 | D:7      | Noticed a centaur
  2639 | D:8      | Noticed a black bear
  2680 | D:8      | Reached skill level 4 in Spellcasting
  2711 | D:8      | Noticed a yak
  2712 | D:8      | Noticed a crocodile
  2806 | D:7      | Got a warped rapier
  2808 | D:7      | Identified the +8 rapier of the Dwarven Hall {pierce, +Blink} (You found it on level 7 of the Dungeon)
  2862 | D:7      | Noticed a sky beast
  2874 | D:7      | Killed a sky beast
  2874 | D:7      | Reached XP level 6. HP: 10/30 MP: 7/14
  2881 | D:7      | Learned a level 5 spell: Iskenderun's Battlesphere
  2890 | D:7      | Noticed Joseph
  3041 | D:6      | Reached skill level 5 in Spellcasting
  3239 | D:6      | Found a staircase to the Ecumenical Temple.
  3296 | D:6      | Reached skill level 5 in Dodging
  3322 | Temple   | Entered the Ecumenical Temple
  3348 | Temple   | Became a worshipper of Kikubaaqudgha
  3467 | D:7      | Found a runed door.
  3471 | D:7      | Noticed Crazy Yiuf
  3503 | D:7      | Killed Crazy Yiuf
  3503 | D:7      | Reached XP level 7. HP: 35/35 MP: 16/16
  3780 | D:9      | Reached skill level 6 in Spellcasting
  3782 | D:9      | Found Qusoirhe's Magic Scroll Shoppe.
  4117 | D:9      | Reached XP level 8. HP: 28/39 MP: 19/19
  4170 | D:9      | Found a stormy altar of Qazlal.
  4188 | D:10     | Entered Level 10 of the Dungeon
  4250 | D:10     | Noticed a brown ugly thing
  4321 | D:10     | Reached * piety under Kikubaaqudgha
  4321 | D:10     | Identified Kikubaaqudgha's Compendium of Dark Rituals (Kikubaaqudgha gifted it to you on level 10 of the Dungeon)
  4321 | D:10     | Received a gift from Kikubaaqudgha
  4325 | D:10     | Learned a level 1 spell: Animate Skeleton
  4672 | D:8      | Reached skill level 7 in Spellcasting
  4727 | D:8      | Reached skill level 1 in Necromancy
  4876 | D:8      | Found a staircase to the Lair.
  5002 | Lair:1   | Entered Level 1 of the Lair of Beasts
  5027 | Lair:1   | Noticed a komodo dragon
  5130 | Lair:1   | Killed a komodo dragon
  5130 | Lair:1   | Reached skill level 8 in Spellcasting
  5144 | Lair:1   | Learned a level 3 spell: Vampiric Draining
  5148 | Lair:1   | Learned a level 3 spell: Dazzling Spray
  5177 | Lair:1   | Noticed a spiny frog
  5272 | Lair:1   | Killed a spiny frog
  5272 | Lair:1   | Reached skill level 5 in Conjurations
  5272 | Lair:1   | Reached skill level 1 in Charms
  5272 | Lair:1   | Reached XP level 9. HP: 19/44 MP: 3/22
  5348 | Lair:1   | Noticed a spiny frog
  5387 | Lair:1   | Reached skill level 1 in Hexes
  5420 | Lair:3   | Noticed a komodo dragon
  5451 | Lair:3   | Noticed an eight-headed hydra
  5455 | Lair:3   | Noticed a spiny frog
  5464 | Lair:3   | Noticed a komodo dragon
  5492 | Lair:4   | Noticed a black mamba
  5519 | Lair:4   | Noticed Snorg
  5520 | Lair:4   | Noticed a death yak
  5520 | Lair:4   | Noticed a polar bear
  5521 | Lair:4   | Noticed a spiny frog
  5522 | Lair:4   | Noticed a polar bear
  5539 | Lair:4   | Killed a black mamba
  5539 | Lair:4   | Reached skill level 5 in Short Blades
  5604 | Lair:3   | Noticed Urug
  5683 | Lair:2   | Got a translucent hand axe
  5724 | Lair:2   | Reached skill level 5 in Stealth
  5724 | Lair:2   | Reached skill level 1 in Evocations
  5732 | Lair:2   | Found a staircase to the Swamp.
  5750 | Lair:2   | Noticed a six-headed hydra
  5791 | Lair:1   | Noticed a komodo dragon
  5795 | Lair:1   | Killed a komodo dragon
  5795 | Lair:1   | Reached skill level 9 in Spellcasting
  5812 | Lair:1   | Reached ** piety under Kikubaaqudgha
  5847 | Lair:1   | Learned a level 2 spell: Sublimation of Blood
  5857 | Lair:1   | Reached XP level 10. HP: 49/49 MP: 19/24
  5862 | Lair:1   | Killed a spiny frog
  6097 | Lair:2   | Noticed a four-headed hydra
  6411 | Lair:3   | Killed a spiny frog
  6490 | Lair:4   | Noticed a spiny frog
  6493 | Lair:4   | Killed a spiny frog
  6512 | Lair:4   | Noticed Jerry's ghost (journeyman HOFi)
  6552 | Lair:4   | Noticed a black mamba
  6554 | Lair:4   | Found a staircase to the Snake Pit.
  6566 | Lair:4   | Killed a black mamba
  6619 | Lair:4   | Reached skill level 10 in Spellcasting
  6741 | Lair:4   | Reached skill level 5 in Charms
  6900 | Lair:5   | Noticed a spiny frog
  6917 | Lair:5   | Killed a spiny frog
  6917 | Lair:5   | Reached skill level 5 in Evocations
  6917 | Lair:5   | HP: 2/51 [poisoned by a spiny frog]
  6944 | Lair:5   | Noticed a five-headed hydra
  6965 | Lair:5   | Learned a level 2 spell: Blink
  7082 | Lair:5   | Noticed a spiny frog
  7089 | Lair:5   | Killed a spiny frog
  7089 | Lair:5   | Reached *** piety under Kikubaaqudgha
  7089 | Lair:5   | Identified Kikubaaqudgha's Tome of Sinister Magic (Kikubaaqudgha gifted it to you on level 5 of the Lair of Beasts)
  7089 | Lair:5   | Received a gift from Kikubaaqudgha
  7089 | Lair:5   | Reached XP level 11. HP: 15/54 MP: 15/26
  7097 | Lair:5   | Learned a level 5 spell: Dispel Undead
  7110 | Lair:6   | Entered Level 6 of the Lair of Beasts
  7110 | Lair:6   | Noticed an oklob plant
  7203 | Lair:5   | Noticed a catoblepas
  7562 | Lair:6   | Found a frozen archway.
  7645 | Lair:6   | Slain by a porcupine

Skill      XL: |  1  2  3  4  5  6  7  8  9 10 11 |
---------------+----------------------------------+-----
Conjurations   | 3 4 5 6 |  6.0
Spellcasting   | 3 4 5 6 8 9 10 | 10.2
Short Blades   | 1 2 3 4 5 6 |  6.4
Fighting       | 1 2 3 4 |  4.5
Dodging        | 4 5 6 7 8 9 |  9.0
Necromancy     | 2 3 4 |  4.3
Charms         | 1 3 5 |  5.6
Hexes          | 2 4 |  4.5
Stealth        | 5 6 |  6.1
Evocations     | 2 5 |  5.0

Action                   |  1- 3 |  4- 6 |  7- 9 | 10-12 || total
-------------------------+-------+-------+-------+-------++-------
Melee: Unarmed           |     1 |       |       |       ||     1
       Dagger            |    52 |    20 |       |       ||    72
       Short sword       |     4 |       |       |       ||     4
       Falchion          |       |    24 |       |       ||    24
       Rapier            |       |    12 |    65 |    29 ||   106
 Cast: Magic Dart        |    67 |   154 |    24 |    28 ||   273
       Searing Ray       |       |     2 |    61 |    33 ||    96
       Animate Skeleton  |       |       |     8 |    26 ||    34
       Dazzling Spray    |       |       |    15 |    27 ||    42
       Sublimation of Bl |       |       |       |     9 ||     9
       Vampiric Draining |       |       |       |     5 ||     5
 Abil: Evoke Blink       |       |       |     1 |     9 ||    10
Evoke: Wand              |       |       |    10 |     1 ||    11
       Lamp of fire      |       |       |     1 |       ||     1
  Use: Potion            |       |       |    12 |     2 ||    14
       Scroll            |       |       |    12 |     6 ||    18
 Stab: Sleeping          |     5 |     3 |     4 |     2 ||    14
       Invisible         |       |       |     3 |     3 ||     6
  Eat: Pizza             |       |       |     1 |     1 ||     2
       Bread ration      |       |       |       |     1 ||     1
Armor: Robe              |     6 |    10 |     3 |     3 ||    22
Dodge: Dodged            |    42 |    72 |   103 |    82 ||   299
       Rpst.: Falchion   |       |     8 |       |       ||     8
